 Dungeon Crawl Stone Soup version 0.31-a0-221-gbddc013574 (webtiles) character file.

Game seed: 3311031502653436062

82 qw the Chopper (level 4, 0/28 HPs)
             Began as a Gargoyle Fighter on July 4, 2023.
             Slain by a gnoll
             ... wielding a +0 spear
              (4 damage)
             ... on level 3 of the Dungeon.
             The game lasted 00:00:52 (2043 turns).

qw the Chopper (Gargoyle Fighter)                   Turns: 2043, Time: 00:00:53

Health: 0/28       AC: 10    Str: 21    XL:     4   Next: 43%
Magic:  4/4        EV:  9    Int:  9    God:
Gold:   144        SH:  4    Dex:  9    Spells: 3/3 levels left

rFire   + . .        Y - +0 war axe
rCold   . . .        c - +0 buckler
rNeg    + . .        b - +0 scale mail
rPois   inf          (no helmet)
rElec   +            (no cloak)
rCorr   .            (no gloves)
SInv    .            (no boots)
Will    .....        (no amulet) Stlth
                     k - ring of protection from fire
HPRegen 0.24/turn    (no ring)
MPRegen 0.09/turn

%: no passive effects
@: about to teleport
A: sickness immunity, AC +3, negative energy resistance 1, electricity
resistance, torment resistance 1, petrification resistance
a: no special abilities


You were on level 3 of the Dungeon.
You visited 1 branch of the dungeon, and saw 4 of its levels.

You collected 144 gold pieces.


Innate Abilities, Weirdness & Mutations

You are immune to sickness and miasma.
Your stone body is resilient. (AC +3)
You are immune to poison.
You resist negative energy. (rN+)
You are resistant to electric shocks. (rElec)
You are resistant to unholy torment.
You are immune to petrification.


   Skills:
 - Level 3.2 Fighting
 + Level 4.1 Axes
 - Level 3.2 Armour
 - Level 3.2 Shields


You had 3 spell levels left.
You didn't know any spells.
Your spell library was empty.

Inventory:

Hand Weapons
 l - a +0 flail
 Y - a +0 war axe (weapon)
Armour
 b - a +0 scale mail (worn)
 c - a +0 buckler (worn)
 i - a +0 helmet
Jewellery
 k - a ring of protection from fire (left hand)
Scrolls
 f - a scroll of acquirement {unknown}
 h - a scroll of identify
 j - a scroll of vulnerability {unknown}
Potions
 a - a potion of mutation
 d - 2 potions of might
 g - a potion of attraction
 m - a potion of berserk rage {unknown}

Dungeon Overview and Level Annotations

Branches:
Dungeon (4/15)
 Temple: D:4-7

Altars:
Zin


Message History

Enter note:
Enter note:
Enter note:
Enter note:
Enter note:
Enter note:
2033 ||| Stepping ~*~*~tactically~*~*~ (hiding).
You start waiting.
A gnoll is nearby!
A gnoll comes into view. It is wielding a +0 flail.
The gnoll shouts!
The gnoll hits you with a +0 spear.
A gnoll comes into view. It is wielding a +0 halberd.
The gnoll shouts!
You hit the gnoll.
The gnoll is moderately wounded.
The gnoll hits you but does no damage.
You hit the gnoll but do no damage.
The gnoll is moderately wounded.
You hit the gnoll. The gnoll hits you but does no damage.
The gnoll hits you with a +0 whip.
You hit the gnoll but do no damage.
The gnoll is lightly wounded.
You slash the gnoll! The gnoll hits you with a +0 spear.
The gnoll hits you but does no damage. x2
You slash the gnoll!
You kill the gnoll!
You hit the gnoll but do no damage. You block the gnoll's attack.
The gnoll hits you with a +0 flail.
You closely miss the gnoll.
The gnoll hits you from afar with a +0 spear.
You closely miss the gnoll.
The gnoll hits you from afar with a +0 spear.
The gnoll hits you but does no damage. The gnoll hits you with a +0 flail!
The gnoll misses you.
2043 ||| READING scroll of teleportation.
As you read the scroll of teleportation, it crumbles to dust.
You feel strangely unstable.
The gnoll hits you from afar with a +0 spear.
You die...

.# ..... #.......# .#.... ..####
######.#. .#... ..... ...##.#.
.... .... ........ .#. .... ...
...##... .#.. ....# g. #... .#
... #.######g###### .....
.####.####.......)...... ######
...........>...g@########..#
#..#..###...###.#.......#..#
#.#%.## #...# #....####.#..#.####
....#####...# ###### #.#..#.....
##.#....+...# #.#..######
#.#.####...###########.#..#....#
#.#...##...##.......##.#..#.##.#
##.###.##...##.......##.#<.#.....
...###.##...++..........##.#..#..


You could see 3 gnolls.

Vanquished Creatures
  3 adders (D:2)
  A gnoll (D:3)
  A dart slug (D:1)
  An orc (D:3)
  5 endoplasms
  7 giant cockroaches
  A goblin (D:1)
  6 hobgoblins
  2 quokkas
  A ball python (D:1)
  4 bats (D:1)
  A frilled lizard (D:1)
  4 kobolds (D:1)
  4 rats
41 creatures vanquished.

Notes
Turn   | Place    | Note
-------+----------+-------------------------------------------
     0 | D:1      | qw the Gargoyle Fighter began the quest for the Orb.
     0 | D:1      | Reached XP level 1. HP: 14/14 MP: 1/1
     0 | D:1      | 0 ||| qw: Version: 0.3-a-40-ge99b1a8
     0 | D:1      | 0 ||| qw: Game counter: 646
     0 | D:1      | 0 ||| qw: Melee chars always use a shield: true
     0 | D:1      | 0 ||| qw: God list: Okawaru
     0 | D:1      | 0 ||| qw: Allow faded altars: false
     0 | D:1      | 0 ||| qw: Do Orc after clearing Dungeon:15 true
     0 | D:1      | 0 ||| qw: Do second Lair branch before Depths: true
     0 | D:1      | 0 ||| qw: Lair rune preference: random
     0 | D:1      | 0 ||| qw: Goals: Normal, Zot:1-4, Slime:5, God:TSO, Crypt,
                  | Tomb, Abyss, Pan, Hells, Win
     0 | D:1      | 0 ||| PLANNING D:1-11
    86 | D:1      | Reached skill level 2 in Axes
    99 | D:1      | 99 ||| Stepping ~*~*~tactically~*~*~ (stealth).
   103 | D:1      | 103 ||| Stepping ~*~*~tactically~*~*~ (stealth).
   109 | D:1      | Reached XP level 2. HP: 19/19 MP: 2/2
   249 | D:1      | 249 ||| DROPPING +0 club.
   304 | D:1      | Reached skill level 3 in Axes
   447 | D:1      | Reached XP level 3. HP: 23/23 MP: 3/3
   731 | D:1      | 731 ||| UPGRADING to ring of protection from fire.
   732 | D:1      | 732 ||| READING scroll labelled EPPEUDWAFRIN.
   737 | D:1      | 737 ||| READING scroll labelled ECOCOA CIFYEN.
   738 | D:1      | 738 ||| READING 2 scrolls labelled YSSIUTZIVU.
   739 | D:1      | 739 ||| READING 3 scrolls labelled VOETUF PEICK.
   740 | D:1      | 740 ||| DRINKING 2 fuming sapphire potions.
   741 | D:1      | 741 ||| DROPPING 2 scrolls of blinking.
  1300 | D:2      | Reached XP level 4. HP: 21/28 MP: 4/4
  1333 | D:2      | You fall into a shaft and drop 2 floors!
  1338 | D:4      | 1338 ||| READING scroll labelled LEITRI PAGG.
  1339 | D:4      | 1339 ||| READING 2 scrolls of identify.
  1339 | D:4      | 1339 ||| IDENTIFYING bubbling black potion
  1412 | D:3      | Found a glowing silver altar of Zin.
  1793 | D:3      | 1793 ||| DROPPING +0 mace.
  1860 | D:3      | Reached skill level 4 in Axes
  2033 | D:3      | 2033 ||| Stepping ~*~*~tactically~*~*~ (hiding).
  2042 | D:3      | HP: 4/28 [gnoll/+0 flail (7)]
  2043 | D:3      | 2043 ||| READING scroll of teleportation.
  2043 | D:3      | Slain by a gnoll

Levels and vault maps discovered:
D:1:      kennysheep_arrival_seaside, layout_basic
D:2:      layout_loops_ring
D:3:      layout_basic, mainiacjoe_overflow_tiny_flanked, old_standard_altar,
          nicolae_overflow_ecumenical_swirl, ebering_ecumenical_altar_abandoned,
          uniq_natasha
D:4:      layout_rooms, nicolae_vehumet_altar_sigil, minmay_temple_entry_trees

Skill      XL: |  1  2  3  4 |
---------------+-------------+-----
Axes           | 2 3 4 |  4.1
Fighting       | |  3.2
Armour         | |  3.2
Shields        | |  3.2

Action                     |  1- 3 |  4- 6 || total
---------------------------+-------+-------++-------
  Melee: War axe           |   108 |    37 ||   145
    Use: Scroll            |     4 |     3 ||     7
         Potion            |     1 |       ||     1
 Armour: Scale mail        |    64 |    16 ||    80
  Dodge: Dodged            |    50 |     9 ||    59
  Block: Buckler           |    22 |     5 ||    27

Table legend:
 A = Non-vault XP
 B = Vault XP
 C = Vault XP percentage of total XP
 D = Non-vault monster count
 E = Vault monster count
 F = Vault count percentage of total count
                 A         B        C        D         E       F
            +---------+---------+-------+---------+---------+-------
      Total |     118 |       0 |   0.0 |      41 |       0 |   0.0
            +---------+---------+-------+---------+---------+-------
        D:1 |      36 |       0 |   0.0 |      22 |       0 |   0.0
        D:2 |      49 |       0 |   0.0 |       8 |       0 |   0.0
        D:3 |      33 |       0 |   0.0 |      11 |       0 |   0.0
            +---------+---------+-------+---------+---------+-------
